 Dungeon Crawl Stone Soup version 0.23-a0-673-g3803c42f16 (webtiles) character file.

35 D1HalberdGnoll the Magician (level 3, -2/31 HPs)
             Began as a Gnoll Wanderer on Jan 9, 2019.
             Slain by a jackal (3 damage)
             ... on level 2 of the Dungeon.
             The game lasted 00:01:29 (1039 turns).

D1HalberdGnoll the Magician (Gnoll Wanderer)        Turns: 1039, Time: 00:01:30

Health: -2/31      AC:  2    Str: 15    XL:     3   Next: 33%
Magic:  8/9        EV: 11    Int: 13    God:
Gold:   91         SH:  0    Dex: 15    Spells: 9/12 levels left

rFire    + . .     SeeInvis .   n - +0 short sword
rCold    + . .     Gourm    .   (no shield)
rNeg     . . .     Faith    .   e - +0 robe
rPois    .         Spirit   .   (no helmet)
rElec    .         Reflect  .   h - scarf {rC+ rF+}
rCorr    .         Harm     .   (no gloves)
MR       .....                  (no boots)
Stlth    +.........             (no amulet)
HPRegen  0.10/turn              (no ring)
MPRegen  0.11/turn              (no ring)

@: drained
A: distributed training, fangs 1, strong nose
a: no special abilities


You were on level 2 of the Dungeon.
You were not hungry.

You visited 1 branch of the dungeon, and saw 2 of its levels.

You collected 91 gold pieces.

Inventory:

Hand Weapons
 b - a +0 mace
 n - a +0 short sword (weapon)
Missiles
 d - 28 bolts
Armour
 e - a +0 robe (worn)
 h - a scarf of resistance (worn)
Scrolls
 a - a scroll of enchant weapon {unknown}
 g - a scroll of remove curse {unknown}
 k - a scroll of amnesia {unknown}
Potions
 i - a potion of magic {unknown}
 j - a potion of heal wounds {unknown}
 m - a potion of cancellation {unknown}
Comestibles
 f - 2 rations


   Skills:
 + Level 4.5(3.4) Fighting
 + Level 0.7(0.0) Short Blades
 + Level 0.7(0.0) Long Blades
 + Level 0.7(0.0) Axes
 + Level 0.7(0.0) Maces & Flails
 + Level 0.7(0.0) Polearms
 + Level 0.7(0.0) Staves
 + Level 0.7(0.0) Slings
 + Level 0.7(0.0) Bows
 + Level 2.6(1.5) Crossbows
 + Level 2.6(1.5) Throwing
 + Level 0.7(0.0) Armour
 + Level 0.7(0.0) Dodging
 + Level 0.7(0.0) Stealth
 + Level 0.7(0.0) Shields
 + Level 0.7(0.0) Unarmed Combat
 + Level 5.0(3.8) Spellcasting
 + Level 0.5(0.0) Conjurations
 + Level 0.5(0.0) Hexes
 + Level 0.5(0.0) Charms
 + Level 0.5(0.0) Summonings
 + Level 0.5(0.0) Necromancy
 + Level 0.5(0.0) Translocations
 + Level 2.1(1.0) Transmutations
 + Level 0.5(0.0) Fire Magic
 + Level 0.5(0.0) Ice Magic
 + Level 3.7(2.6) Air Magic
 + Level 0.5(0.0) Earth Magic
 + Level 0.5(0.0) Poison Magic
 + Level 0.9(0.0) Invocations
 + Level 2.6(1.5) Evocations


You had 9 spell levels left.
You knew the following spells:

 Your Spells              Type           Power        Failure   Level  Hunger
a - Magic Dart            Conj           #...         22%         1    None
b - Call Imp              Summ           #.......     32%         2    ##.....

Your spell library contained the following spells:

 Spells                   Type           Power        Failure   Level  Hunger
 Blink                    Tloc           N/A          32%         2    ##.....
 Slow                     Hex            #.......     32%         2    ##.....
 Mephitic Cloud           Conj/Pois/Air  #.......     41%         3    ###....
 Conjure Flame            Conj/Fire      #.......     54%         3    ###....


Dungeon Overview and Level Annotations

Branches:
Dungeon (2/15)

Altars:


Innate Abilities, Weirdness & Mutations

Your experience applies equally to all skills.
You have very sharp teeth.
Your uncanny sense of smell can sniff out nearby items.


Message History

You kill the jackal!
A bat comes into view.
You are too injured to fight recklessly!
You are too injured to fight recklessly!
You are too injured to fight recklessly!
You are too injured to fight recklessly!
You hit the jackal.
The jackal is moderately wounded.
The jackal closely misses you. The jackal bites you.
* * * LOW HITPOINT WARNING * * *
The jackal barely misses you.
You closely miss the jackal. The jackal closely misses you.
The jackal bites you.
* * * LOW HITPOINT WARNING * * *
You barely miss the jackal.
A jackal comes into view.
The jackal bites you.
* * * LOW HITPOINT WARNING * * *
The jackal bites you.
You die...

... ... #.#
#...###.# #.#
.....<#.# #.#
##..#.#.# #.#
....#.... #.#
#..##.#####.#
#.(..†......#
######.##.#######
#....h@h......#
#.####h##.###.#
..b.#.# #.#.#.#.#
.. .. ...# #. <..
.... # .... ....
....h ....


You could see 4 jackals and a bat.

Vanquished Creatures
  An adder (D:2)
  2 dart slugs (D:1)
  2 bats (D:1)
  3 goblins (D:1)
  3 hobgoblins (D:1)
  3 jackals
  A frilled lizard (D:2)
  A kobold (D:1)
  3 rats (D:1)
19 creatures vanquished.

Vanquished Creatures (collateral kills)
  A goblin (D:1)
1 creature vanquished.

Grand Total: 20 creatures vanquished

Notes
Turn   | Place    | Note
-------+----------+-------------------------------------------
     0 | D:1      | D1HalberdGnoll the Gnoll Wanderer began the quest for the
                  | Orb.
     0 | D:1      | D1HalberdGnoll set off with the following items: a +0 mace,
                  | a +0 hand crossbow, 28 bolts, a +0 robe, a ration; and the
                  | following spell memorised: Magic Dart; and the following
                  | spells available to memorise: Blink, Call Imp, Slow,
                  | Mephitic Cloud, Conjure Flame
     0 | D:1      | Reached XP level 1. HP: 20/20 MP: 6/6
    62 | D:1      | Reached XP level 2. HP: 21/26 MP: 0/7
   388 | D:1      | Learned a level 2 spell: Call Imp
  1028 | D:2      | Reached skill level 5 in Spellcasting
  1028 | D:2      | Reached XP level 3. HP: 7/31 MP: 7/9
  1039 | D:2      | HP: 1/31 [jackal (1)]
  1039 | D:2      | Slain by a jackal

Vault maps used:
D:1:      minmay_arrival_solitary_statue, minmay_pentomino_r2
D:2:      overflow_temple_1_default, first_ration, minmay_diced_spiral,
          uniq_jessica

Skill      XL: |  1  2 |
---------------+-------+-----
Transmutations | 2 |  2.1
Spellcasting   | 5 |  5.0
Fighting       | |  4.5
Short Blades   | |  0.7
Long Blades    | |  0.7
Axes           | |  0.7
Maces & Flails | |  0.7
Polearms       | |  0.7
Staves         | |  0.7
Slings         | |  0.7
Bows           | |  0.7
Crossbows      | |  2.6
Throwing       | |  2.6
Armour         | |  0.7
Dodging        | |  0.7
Stealth        | |  0.7
Shields        | |  0.7
Unarmed Combat | |  0.7
Conjurations   | |  0.5
Hexes          | |  0.5
Charms         | |  0.5
Summonings     | |  0.5
Necromancy     | |  0.5
Translocations | |  0.5
Fire Magic     | |  0.5
Ice Magic      | |  0.5
Air Magic      | |  3.7
Earth Magic    | |  0.5
Poison Magic   | |  0.5
Invocations    | |  0.9
Evocations     | |  2.6

Action                   || total
-------------------------++-------
Melee: Mace              ||    43
       Short sword       ||    15
       Bite              ||     3
 Cast: Magic Dart        ||    13
       Call Imp          ||     1
 Stab: Sleeping          ||     1
Armor: Robe              ||    18
Dodge: Dodged            ||    52

Table legend:
 A = Non-vault XP
 B = Vault XP
 C = Vault XP percentage of total XP
 D = Non-vault monster count
 E = Vault monster count
 F = Vault count percentage of total count
                 A         B        C        D         E       F
            +---------+---------+-------+---------+---------+-------
      Total |      48 |       2 |   4.0 |      19 |       1 |   5.0
            +---------+---------+-------+---------+---------+-------
        D:1 |      31 |       2 |   6.1 |      16 |       1 |   5.9
        D:2 |      17 |       0 |   0.0 |       3 |       0 |   0.0
            +---------+---------+-------+---------+---------+-------
